 Dungeon Crawl Stone Soup version 0.20.0-10-g0535bb4 (webtiles) character file.

58354 Manul the Unseen (level 14, -14/147 (148) HPs)
             Began as an Octopode Assassin on June 5, 2017.
             Was an Initiate of Gozag.
             Demolished by an ettin
             ... wielding a +3 dire flail
              (40 damage)
             ... on level 1 of the Orcish Mines on June 7, 2017.
             The game lasted 00:42:15 (28348 turns).

Manul the Unseen (Octopode Assassin)               Turns: 28348, Time: 00:42:16

HP:   -14/147 (148) AC:  7    Str: 17    XL:     14   Next: 90%
MP:   15/15         EV: 26    Int: 14    God:    Gozag
Gold: 3830          SH:  9    Dex: 18    Spells: 13/13 levels left

rFire    + . .     SeeInvis .   q - +5 quick blade (elec)
rCold    x . .     Gourm    .   u - +3 buckler
rNeg     . . .     Faith    .   (helmet restricted)
rPois    +         Spirit   .   t - amulet of rage
rElec    +         Reflect  .   w - ring of wizardry
rCorr    +         Harm     .   F - +1 ring of evasion
MR       +....                  l - ring of resist corrosion
Stlth    ..........             k - +6 ring of protection
Regen    0.4/turn               A - +2 ring of evasion
MPRegen  0.2/turn               G - ring of fire
                                P - +2 ring of evasion
                                Y - +4 ring of strength

@: berserking, gold aura, very quick
A: almost no armour, stealthy swim, amphibious, 8 rings, constrict 8, camouflage
1, low mp 1, poison resistance, electricity resistance, weak 1, gelatinous body
1
a: Potion Petition, Call Merchant, Bribe Branch, Renounce Religion, Evoke
Berserk Rage


You were on level 1 of the Orcish Mines.
You worshipped Gozag.
Gozag was most pleased with you.
You were not hungry.

You visited 4 branches of the dungeon, and saw 24 of its levels.
You also visited: Ossuary.

You collected 6174 gold pieces.
You spent 1266 gold pieces at shops.
You paid 1078 gold pieces to Gozag.

Inventory:

Hand Weapons
 b - a +0 blowgun
 q - a +5 quick blade of electrocution (weapon)
Missiles
 c - 48 poisoned needles
 n - a curare-tipped needle
Armour
 u - a +3 buckler (worn)
Jewellery
 k - a +6 ring of protection (on tentacle)
 l - a ring of resist corrosion (on tentacle)
 t - an amulet of rage (around mantle)
 w - a ring of wizardry (left tentacle)
 A - a +2 ring of evasion (on tentacle)
 F - a +1 ring of evasion (right tentacle)
 G - a ring of fire (on tentacle)
 P - a +2 ring of evasion (on tentacle)
 R - an uncursed amulet of regeneration {unknown}
 Y - a +4 ring of strength (on tentacle)
Wands
 v - a wand of digging (23/24)
 x - a wand of polymorph (2/24)
 E - a wand of disintegration (12/24)
 T - a wand of acid (0/15)
 U - a wand of random effects (21/48)
 W - a wand of iceblast (0/15)
 X - a wand of digging (8/24)
Scrolls
 e - 2 scrolls of amnesia
 g - 13 scrolls of remove curse
 h - a scroll of fog
 m - 8 scrolls of identify
 r - a scroll of acquirement
 s - a scroll of enchant armour
 y - 4 scrolls of recharging
 C - 2 scrolls of magic mapping
 D - a scroll of teleportation
 J - 2 scrolls of brand weapon
 N - a scroll of silence
Potions
 i - 2 potions of cancellation
 p - 11 potions of curing
 z - a potion of haste
 B - 2 potions of resistance {unknown}
 I - 2 potions of berserk rage
 L - 3 potions of might
 M - a potion of magic {unknown}
 O - a potion of invisibility
 V - a potion of flight {unknown}
 Z - a potion of heal wounds
Books
 f - a book of Necromancy

   Spells                             Type                      Level
   a - Pain                           Necromancy                   1
   b - Animate Skeleton               Necromancy                   1
   c - Vampiric Draining              Necromancy                   3
   d - Regeneration                   Charms/Necromancy            3
   e - Animate Dead                   Necromancy                   4
   f - Control Undead                 Necromancy                   4
 j - a book of Transfigurations

   Spells                             Type                      Level
   a - Irradiate                      Conjuration/Transmutation    5
   b - Statue Form                    Transmutation/Earth          6
   c - Hydra Form                     Transmutation                6
   d - Dragon Form                    Transmutation                7
 K - a book of Maledictions

   Spells                             Type                      Level
   a - Corona                         Hexes                        1
   b - Ensorcelled Hibernation        Hexes/Ice                    2
   c - Confuse                        Hexes                        3
   d - Tukima's Dance                 Hexes                        3
   e - Dazzling Spray                 Conjuration/Hexes            3
Miscellaneous
 S - a lamp of fire (inert)
Comestibles
 d - 14 fruits
 o - 4 meat rations
 H - 9 royal jellies


   Skills:
 + Level 10.9 Fighting
 + Level 11.7 Short Blades
 + Level 2.8 Throwing
 + Level 10.3 Dodging
 + Level 20.3 Stealth
 + Level 7.9 Shields
 + Level 5.0 Evocations


You had 13 spell levels left.
You didn't know any spells.

Dungeon Overview and Level Annotations

Branches:
Dungeon (15/15)            Temple (1/1) D:4            Lair (6/6) D:11
 Shoals (0/4) Lair:3        Snake (0/4) Lair:2        Slime (0/5) Lair:6
    Orc (2/2) D:12         Vaults (0/5) D:13         Depths (0/5) D:15
    Elf: Orc:2

Altars:
Ashenzari
Cheibriados
Elyvilon
Fedhas
Gozag
Kikubaaqudgha
Makhleb
Nemelex Xobeh
Okawaru
Qazlal
Ru
Trog
Uskayaw
Vehumet
Xom
The Shining One
Beogh
Jiyva

Shops:
D:7 =   D:9 !   Orc:2 (   Lair:5 =

Annotations:
D:2 1 runed door
Lair:4 exclusion: oklob plant


Innate Abilities, Weirdness & Mutations

You cannot wear most types of armour.
You are very stealthy in the water. (Stealth+)
You are amphibious.
You can wear up to eight rings at the same time.
You can use your tentacles to constrict eight enemies at once.
Your skin changes colour to match your surroundings (Stealth+).
Your rubbery body absorbs attacks. (AC +1, EV +1)
Your magical capacity is low. (-10% MP)
Your system is resistant to poisons. (rPois)
You are resistant to electric shocks. (rElec)
You are weak. (Str -2)


Message History

The troll completely misses you. The troll closely misses you.
The troll completely misses you. The troll bites you!
* * * LOW HITPOINT WARNING * * *
The troll misses you. You block the troll's attack. The troll bites you!
* * * LOW HITPOINT WARNING * * *
The troll misses you. You block the troll's attack.
You puncture the troll! Lightning courses through the troll!
You squeeze the troll!
The troll is almost dead.
You puncture the troll!
You kill the troll!
You hit the ettin.
The ettin is lightly wounded.
You puncture the ettin!
The ettin is moderately wounded.
You hit the ettin. You squeeze the ettin!
The ettin is heavily wounded.
The ettin completely misses you. The ettin hits you with a dire flail!!!
You die...
Your body crumbles into a pile of gold.

.....#...........##...###.###....
......................##...##....
.....#....................##.#.#.
#.#....................([.#).....
####.#..##............(((..[.....
#.###....##...........(....[....#
...#.....#................)......
#.....#......>..(...........#....
.....#........[.@C..........##...
................$T.........###...
.).....(..........>.........#....
...........##..#.))........#.....
.[#.#..#............^......##.##.
.)...................#..#.#######
.........................##
.......#..........##.....##
...##....#.....)..........#


You could see an ettin and a troll.

Vanquished Creatures
  The ghost of Toogi the Destroyer, a journeyman DrIE of Sif Muna (Orc:2)
  Snorg (Lair:5)
  Erolcha (Orc:2)
  7 hydras
  Erica (D:11)
  5 two-headed ogres
  Nergalle (D:11)
  A fire crab (shapeshifter) (D:14)
  A deep troll (Orc:1)
  A phantasmal warrior (D:12)
  2 orc knights
  Pikel (D:9)
  An ugly thing (D:11)
  An elephant (Lair:6)
  A gargoyle (D:14)
  4 black mambas
  A torpor snail (Lair:6)
  6 spiny frogs
  A freezing wraith (D:12)
  3 kobold demonologists
  3 rime drakes (Lair:4)
  7 komodo dragons
  A guardian mummy (D:15)
  5 hornets
  10 trolls
  4 polar bears (Lair:6)
  25 blink frogs
  9 hippogriffs
  2 dream sheep (Lair:6)
  13 spriggans (Lair:6)
  A vampire (D:9)
  4 wyverns
  3 shadows
  2 wraiths
  A hungry ghost (D:11)
  3 basilisks
  26 yaks
  3 wargs
  An acid dragon (D:12)
  3 nagas (Lair:2)
  2 soldier ants
  11 water moccasins
  13 porcupines
  23 orc warriors
  4 ice beasts
  3 phantoms
  3 sky beasts
  2 slaves (D:9)
  6 black bears
  A necrophage (D:10)
  A hornet zombie (Ossuary)
  16 ogres
  A boggart (Lair:6)
  7 centaurs
  16 wolves
  17 crocodiles
  7 big kobolds
  A gnoll sergeant (D:11)
  15 bullfrogs
  2 wyvern zombies
  A water moccasin zombie (Ossuary)
  A scorpion (D:3)
  A wyvern skeleton (D:12)
  10 killer bees
  A howler monkey (D:6)
  6 crimson imps
  3 bullfrog zombies (Ossuary)
  A quasit (D:7)
  3 centaur zombies
  4 jellies
  A gnoll shaman (D:4)
  11 orc priests
  A bullfrog skeleton (D:7)
  6 hounds
  3 centaur skeletons
  9 iguanas
  9 orc wizards
  3 worker ants
  2 killer bee zombies (Ossuary)
  4 hound zombies
  10 mummies (Ossuary)
  3 worker ant zombies
  Robin (D:3)
  17 gnolls
  11 adders
  3 shadow imps
  2 oozes
  5 adder zombies
  7 worms
  A dart slug (D:3)
  3 leopard geckos
  63 orcs
  5 bats
  A bat zombie (D:6)
  10 giant cockroaches
  17 goblins
  5 hobgoblins
  20 jackals
  28 kobolds
  8 quokkas
  A ball python (D:3)
  2 frilled lizards
  A jackal zombie (D:5)
  A leopard gecko zombie (Ossuary)
  A quokka skeleton (D:5)
  12 rats
  2 rat zombies (D:6)
  A butterfly (D:4)
639 creatures vanquished.

Vanquished Creatures (others)
  2 slaves
  A bullfrog (D:9)
  A worker ant (D:9)
  A bat (D:1)
  6 fungi
  2 plants (D:11)
  2 withered plants (Ossuary)
15 creatures vanquished.

Grand Total: 654 creatures vanquished

Notes
Turn   | Place    | Note
-------+----------+-------------------------------------------
     0 | D:1      | Manul the Octopode Assassin began the quest for the Orb.
     0 | D:1      | Reached XP level 1. HP: 14/14 MP: 1/1
   141 | D:1      | Reached XP level 2. HP: 7/19 MP: 2/2
   502 | D:1      | Reached skill level 6 in Stealth
  1155 | D:2      | Reached XP level 3. HP: 24/24 MP: 3/3
  1235 | D:2      | Found a shattered altar of Ashenzari.
  1513 | D:2      | Found a shattered altar of Ashenzari.
  1621 | D:2      | Found a runed door.
  1925 | D:3      | Noticed a scorpion
  1932 | D:3      | Killed a scorpion
  1932 | D:3      | Reached skill level 7 in Stealth
  1932 | D:3      | Reached XP level 4. HP: 29/29 MP: 4/4
  2148 | D:3      | Reached XP level 5. HP: 32/34 MP: 5/5
  2170 | D:3      | Reached skill level 8 in Stealth
  2849 | D:3      | Noticed Robin
  3189 | D:3      | Killed Robin
  3189 | D:3      | Reached skill level 9 in Stealth
  3189 | D:3      | Reached XP level 6. HP: 18/41 MP: 6/6
  3611 | D:3      | Noticed a moth of wrath
  3614 | D:3      | Found a bloodstained altar of Trog.
  4149 | D:3      | Found a glowing golden altar of the Shining One.
  4494 | D:4      | Found an opulent altar of Gozag.
  4542 | D:4      | Became a worshipper of Gozag Ym Sagoz the Greedy
  4587 | D:4      | Found a staircase to the Ecumenical Temple.
  4703 | Temple   | Entered the Ecumenical Temple
  4802 | D:4      | Found a hide-covered altar of Uskayaw.
  5204 | D:4      | Reached XP level 7. HP: 33/45 MP: 7/7
  5982 | D:4      | Found a sacrificial altar of Ru.
  6308 | D:5      | Entered Level 5 of the Dungeon
  6308 | D:5      | Found an iron altar of Okawaru.
  6789 | D:5      | Reached skill level 10 in Stealth
  6904 | D:5      | Reached XP level 8. HP: 38/53 MP: 8/8
  7311 | D:5      | Found a sparkling altar of Nemelex Xobeh.
  8261 | D:6      | Reached skill level 5 in Short Blades
  8319 | D:6      | Reached skill level 11 in Stealth
  8338 | D:6      | Found a radiant altar of Vehumet.
  8691 | D:6      | Found an ancient bone altar of Kikubaaqudgha.
  8787 | D:6      | Reached skill level 1 in Shields
  8865 | D:6      | Found a white marble altar of Elyvilon.
  9143 | D:7      | Reached XP level 9. HP: 43/60 MP: 9/9
  9313 | D:7      | Found a snail-covered altar of Cheibriados.
  9432 | D:7      | Gained mutation: Scrolls take you a little longer to read. [potion of mutation]
  9432 | D:7      | Gained mutation: You possess an exceptional clarity of mind. [potion of mutation]
  9433 | D:7      | Lost mutation: You possess an exceptional clarity of mind. [potion of mutation]
  9433 | D:7      | Lost mutation: Scrolls take you a little longer to read. [potion of mutation]
  9433 | D:7      | Gained mutation: You occasionally shout uncontrollably at your foes. [potion of mutation]
  9433 | D:7      | Gained mutation: You are partially covered in yellow scales. (AC +2) [potion of mutation]
  9515 | D:7      | Reached skill level 5 in Fighting
  9669 | D:7      | Reached skill level 12 in Stealth
  9879 | D:8      | Identified a scroll of acquirement
  9950 | D:8      | Found a sand-covered staircase.
  9957 | Ossuary  | Entered an ossuary
 10284 | Ossuary  | Lost mutation: You occasionally shout uncontrollably at your foes. [potion of mutation]
 10284 | Ossuary  | Lost mutation: You are partially covered in yellow scales. (AC +2) [potion of mutation]
 10284 | Ossuary  | Gained mutation: Your spells are a little easier to cast, but a little less powerful. [potion of mutation]
 10284 | Ossuary  | Gained mutation: Your flesh is cold resistant. (rC+) [potion of mutation]
 10285 | Ossuary  | Lost mutation: Your flesh is cold resistant. (rC+) [potion of mutation]
 10285 | Ossuary  | Lost mutation: Your spells are a little easier to cast, but a little less powerful. [potion of mutation]
 10285 | Ossuary  | Gained mutation: You are dopey. (Int -2) [potion of mutation]
 10285 | Ossuary  | Gained mutation: Potions are less effective at restoring your health. [potion of mutation]
 10285 | Ossuary  | Gained mutation: Your spells are a little harder to cast, but a little more powerful. [potion of mutation]
 10644 | D:8      | Reached skill level 5 in Dodging
 10796 | D:8      | Reached XP level 10. HP: 47/68 MP: 10/10
 11169 | D:8      | Reached skill level 1 in Evocations
 11426 | D:9      | Reached skill level 13 in Stealth
 12232 | D:9      | Noticed Pikel
 12266 | D:9      | Killed Pikel
 12623 | D:9      | Noticed a two-headed ogre
 12636 | D:9      | Killed a two-headed ogre
 12796 | D:7      | Bought a +6 ring of protection for 1014 gold pieces
 13329 | D:9      | Found Duhif's Distillery.
 13337 | D:9      | Bought a potion of curing for 48 gold pieces
 13337 | D:9      | Bought a potion of might for 64 gold pieces
 13516 | D:10     | Entered Level 10 of the Dungeon
 13583 | D:9      | Reached XP level 11. HP: 42/75 MP: 12/12
 13787 | D:9      | Reached skill level 14 in Stealth
 15276 | D:11     | Found a staircase to the Lair.
 15431 | D:11     | Noticed Nergalle
 15488 | D:11     | Killed Nergalle
 15526 | D:11     | Lost mutation: Your spells are a little harder to cast, but a little more powerful. [potion of mutation]
 15526 | D:11     | Lost mutation: Potions are less effective at restoring your health. [potion of mutation]
 15526 | D:11     | Lost mutation: You are dopey. (Int -2) [potion of mutation]
 15526 | D:11     | Gained mutation: You have a pair of small antennae on your head. [potion of mutation]
 15526 | D:11     | Gained mutation: Your mind is acute. (Int +2) [potion of mutation]
 15526 | D:11     | Gained mutation: You are partially covered in rugged brown scales. (AC +1, +3% HP) [potion of mutation]
 15629 | D:11     | Noticed Erica
 15635 | D:11     | Killed Erica
 15635 | D:11     | Reached skill level 15 in Stealth
 16234 | Lair:1   | Entered Level 1 of the Lair of Beasts
 16234 | Lair:1   | Noticed a four-headed hydra
 16241 | Lair:1   | Killed a four-headed hydra
 16241 | Lair:1   | Reached XP level 12. HP: 86/86 MP: 13/13
 16264 | Lair:1   | Reached skill level 5 in Shields
 16446 | Lair:1   | Reached skill level 16 in Stealth
 17258 | Lair:2   | Found a staircase to the Snake Pit.
 17562 | Lair:2   | Noticed a six-headed hydra
 17576 | Lair:2   | Killed a six-headed hydra
 17644 | Lair:2   | Reached skill level 10 in Short Blades
 17720 | Lair:2   | Noticed a five-headed hydra
 17937 | Lair:1   | Killed a five-headed hydra
 17937 | Lair:1   | Reached skill level 17 in Stealth
 18436 | Lair:2   | Noticed a four-headed hydra
 18452 | Lair:2   | Killed a four-headed hydra
 18757 | Lair:3   | Noticed an eight-headed hydra
 18772 | Lair:3   | Killed an eight-headed hydra
 19056 | Lair:3   | Reached XP level 13. HP: 39/92 MP: 15/15
 19296 | Lair:3   | Reached skill level 18 in Stealth
 19429 | Lair:3   | Found a staircase to the Shoals.
 20362 | Lair:4   | Found a frozen archway.
 20425 | Lair:4   | Found a shimmering altar of Xom.
 21363 | Lair:5   | Noticed Snorg
 21380 | Lair:5   | Killed Snorg
 21684 | Lair:5   | Lost mutation: You have a pair of small antennae on your head. [potion of mutation]
 21684 | Lair:5   | Lost mutation: Your mind is acute. (Int +2) [potion of mutation]
 21684 | Lair:5   | Lost mutation: You are partially covered in rugged brown scales. (AC +1, +3% HP) [potion of mutation]
 21684 | Lair:5   | Gained mutation: Your system is resistant to poisons. (rPois) [potion of mutation]
 21684 | Lair:5   | Gained mutation: You are weak. (Str -2) [potion of mutation]
 21684 | Lair:5   | Gained mutation: Your magical capacity is low. (-10% MP) [potion of mutation]
 21684 | Lair:5   | Gained mutation: You are resistant to electric shocks. (rElec) [potion of mutation]
 21800 | Lair:6   | Entered Level 6 of the Lair of Beasts
 22080 | Lair:5   | Bought a +2 ring of evasion for 140 gold pieces
 22382 | Lair:6   | Reached skill level 10 in Fighting
 22400 | Lair:6   | Reached skill level 19 in Stealth
 22628 | Lair:6   | Reached XP level 14. HP: 82/99 MP: 15/15
 23202 | Lair:6   | Found a staircase to the Slime Pits.
 23202 | Lair:6   | Found a viscous altar of Jiyva.
 23558 | D:12     | You fall through a shaft for 3 floors!
 23558 | D:15     | Entered Level 15 of the Dungeon
 23560 | D:15     | Found a staircase to the Depths.
 23973 | D:13     | Found a gate to the Vaults.
 24335 | D:12     | Reached skill level 10 in Dodging
 25619 | D:12     | Found a roughly hewn altar of Beogh.
 25619 | D:12     | Found a staircase to the Orcish Mines.
 26189 | Orc:1    | Entered Level 1 of the Orcish Mines
 27063 | Orc:2    | Entered Level 2 of the Orcish Mines
 27075 | Orc:2    | Reached skill level 20 in Stealth
 27106 | Orc:2    | Noticed Toogi's ghost (journeyman DrIE)
 27137 | Orc:2    | Killed Toogi's ghost
 27368 | Orc:2    | Noticed Erolcha
 27395 | Orc:2    | Found Diucil's Antique Weapon Shoppe.
 28332 | Orc:2    | Reached skill level 5 in Evocations
 28333 | Orc:2    | Killed Erolcha
 28348 | Orc:1    | Demolished by an ettin

Skill      XL: |  1  2  3  4  5  6  7  8  9 10 11 12 13 14 |
---------------+-------------------------------------------+-----
Stealth        | 6 7 9 10 11 12 13 15 17 19 20 | 20.3
Short Blades   | 3 4 5 7 8 9 10 11 | 11.7
Dodging        | 2 3 4 5 6 7 8 9 10 | 10.3
Fighting       | 3 4 5 7 8 10 | 10.9
Shields        | 1 2 3 4 5 6 7 |  7.9
Evocations     | 1 2 3 4 5 |  5.0
Throwing       | |  2.8

Action                   |  1- 3 |  4- 6 |  7- 9 | 10-12 | 13-15 || total
-------------------------+-------+-------+-------+-------+-------++-------
Melee: Dagger            |    49 |   146 |   218 |       |       ||   413
       Constrict         |     8 |    40 |    63 |    58 |   133 ||   302
       Tentacles         |     4 |    37 |    83 |   171 |   352 ||   647
       Quick blade       |       |       |   217 |   758 |  1343 ||  2318
 Fire: Blowgun           |       |       |       |     5 |       ||     5
Throw: Throwing net      |       |       |       |     2 |       ||     2
Invok: Call Merchant     |       |       |       |     1 |     1 ||     2
 Abil: Evoke Berserk Rag |       |       |     1 |     3 |     8 ||    12
Evoke: Wand              |       |       |     1 |    10 |     7 ||    18
       Lamp of fire      |       |       |       |       |     1 ||     1
  Use: Potion            |       |     4 |     7 |     3 |     3 ||    17
       Scroll            |       |     1 |    14 |    12 |    10 ||    37
 Stab: Sleeping          |    18 |     4 |    32 |    46 |    47 ||   147
       Distracted        |     1 |     3 |     7 |     4 |    11 ||    26
       Held in net/web   |       |       |       |     3 |       ||     3
       Confused          |       |       |       |     4 |       ||     4
  Eat: Chunk             |     2 |     8 |       |       |       ||    10
       Bread ration      |       |     1 |     4 |     5 |     4 ||    14
       Fruit             |       |       |       |     1 |       ||     1
       Meat ration       |       |       |       |     1 |     4 ||     5
Armor: Skin              |     1 |     8 |    41 |    37 |    47 ||   134
Dodge: Dodged            |    17 |   138 |   167 |   240 |   502 ||  1064
Block: Buckler           |       |       |    37 |    82 |   226 ||   345
